Map: Neon Violet Square LE

Players

sOs

  • Race: Protoss Protoss
  • Spawn Location: 5:00

Classic - Winner!

  • Race: Protoss Protoss
  • Spawn Location: 11:00

Event: IEM Season 12 - Katowice

VOD

Have the link to the VOD?

Description

Time

  • Played on: March 2, 2018, 2:59 p.m.
  • Length: 11:11

All games in this series

Show
View Real Time Build Order
Export as new Build Order

sOs Protoss 

Build Orders: Dark Templar Rush 

Get SALT Encoding   

  12  0:00  Probe  
  13  0:12  Probe  
  14  0:17  Pylon  
  14  0:24  Probe (Chrono Boost)  
  15  0:37  Probe (Chrono Boost)  
  15  0:38  Gateway  
  16  0:43  Probe (Chrono Boost)  
  16  0:47  Assimilator  
  17  0:51  Probe (Chrono Boost)  
  17  0:56  Assimilator  
  18  1:03  Probe (Chrono Boost)  
  19  1:11  Probe (Chrono Boost)  
  20  1:13  Gateway  
  20  1:17  Probe  
  21  1:26  Cybernetics Core  
  21  1:29  Probe  
  22  1:35  Pylon  
  22  1:41  Probe  
  23  1:53  Probe  
  24  2:02  Warp Gate, Sentry, Stalker  
  28  2:10  Pylon  
  28  2:20  Twilight Council  
  28  2:44  Nexus  
  28  2:51  Stalker  
  30  3:01  Dark Shrine  
  31  3:10  Stalker  
  32  3:17  Shield Battery  
  32  3:21  Probe  
  33  3:35  Shield Battery  
  33  3:41  Robotics Facility  
  33  3:44  Probe  
  34  4:01  Blink (Chrono Boost)  
  34  4:02  Probe, Pylon  
  35  4:07  Probe (Chrono Boost)  
  36  4:12  Shield Battery  
  36  4:16  Probe (Chrono Boost)  
  37  4:19  Probe (Chrono Boost)  
  38  4:27  Probe x2 (Chrono Boost)  
  38  4:28  Observer  
  41  4:31  Probe (Chrono Boost)  
  41  4:34  Stalker x2  
  46  4:39  Probe (Chrono Boost)  
  46  4:43  Probe (Chrono Boost)  
  48  4:49  Probe (Chrono Boost), Observer  
  48  4:52  Probe (Chrono Boost)  
  50  4:54  Probe (Chrono Boost)  
  50  4:57  Stalker  
  50  4:58  Stalker  
  56  5:03  Probe  
  56  5:05  Probe  
  57  5:29  Probe  
  57  5:30  Probe  
  57  5:35  Stalker x2  
  57  5:44  Probe (Chrono Boost)  
  57  5:46  Probe (Chrono Boost)  
  59  5:52  Forge  
  59  5:53  Nexus  
  59  5:56  Probe (Chrono Boost)  
  61  5:59  Pylon  
  61  6:01  Probe (Chrono Boost)  
  61  6:02  Pylon  
  61  6:03  Probe (Chrono Boost)  
  60  6:08  Probe (Chrono Boost)  
  60  6:11  Charge  
  62  6:14  Protoss Ground Weapons Level 1 (Chrono Boost)  
  62  6:16  Probe (Chrono Boost)  
  62  6:18  Probe (Chrono Boost)  
  63  6:23  Probe x2 (Chrono Boost)  
  65  6:28  Immortal  
  69  6:34  Assimilator  
  69  6:35  Probe  
  69  6:36  Assimilator  
  69  6:37  Probe  
  71  6:52  Pylon  
  71  7:04  Gateway  
  71  7:06  Probe x2 (Chrono Boost), Pylon, Immortal, Gateway  
  73  7:10  Probe (Chrono Boost), Templar Archives  
  78  7:21  Gateway  
  78  7:22  Probe x3 (Chrono Boost)  
  81  7:23  Phoenix  
  81  7:25  Gateway  
  81  7:27  Pylon  
  81  7:29  Probe, Gateway  
  82  7:31  Gateway  
  82  7:32  Probe  
  83  7:40  Immortal, Assimilator  
  83  7:41  Assimilator  
  83  7:51  High Templar  
  89  7:53  High Templar  
  89  7:55  Pylon  
  89  7:56  Probe  
  92  8:00  Observer  
  92  8:01  Pylon  
  92  8:04  Protoss Ground Weapons Level 2 (Chrono Boost)  
  92  8:14  Observer  
  92  8:16  Nexus  
  92  8:19  Warp Prism  
  92  8:24  Archon  
  92  8:25  Probe  
  92  8:26  Probe x2  
  97  8:27  High Templar x2  
  97  8:28  Zealot x2  
  97  8:29  Zealot  
  97  8:32  Pylon  
  107  8:35  Archon  
  107  8:46  High Templar x2  
  107  8:47  Zealot  
  113  8:48  Zealot x2  
  113  8:52  Pylon  
  113  8:53  Archon  
  117  8:59  Zealot x2  
  117  9:09  Photon Cannon  
  117  9:11  Observer  
  116  9:18  Dark Templar x3  
  94  9:39  Dark Templar x2  
  94  9:40  Zealot x2  
  73  10:42  Nexus  
  71  11:03  Archon  
Show
View Real Time Build Order
Export as new Build Order

Classic Protoss - Winner!

Build Orders: Phoenix Opening, Zealot Archon 

Get SALT Encoding   

  12  0:00  Probe  
  13  0:12  Probe  
  14  0:17  Pylon  
  14  0:24  Probe (Chrono Boost)  
  15  0:36  Probe (Chrono Boost)  
  15  0:38  Gateway  
  16  0:45  Probe (Chrono Boost)  
  16  0:46  Assimilator  
  17  0:50  Probe (Chrono Boost)  
  17  0:54  Assimilator  
  18  1:03  Probe (Chrono Boost)  
  19  1:11  Probe (Chrono Boost)  
  20  1:12  Gateway  
  20  1:17  Probe  
  21  1:26  Cybernetics Core  
  21  1:29  Probe  
  22  1:38  Pylon  
  22  1:41  Probe  
  23  1:56  Probe  
  24  2:03  Stalker  
  24  2:04  Warp Gate  
  24  2:05  Sentry  
  28  2:15  Pylon  
  28  2:27  Stargate  
  28  2:44  Nexus  
  28  2:47  Probe  
  31  2:59  Probe  
  31  3:03  Adept x2  
  34  3:12  Phoenix (Chrono Boost)  
  34  3:19  Pylon  
  36  3:23  Probe  
  37  3:32  Phoenix  
  39  3:45  Probe  
  40  4:01  Oracle (Chrono Boost)  
  40  4:02  Robotics Facility  
  38  4:09  Probe x2  
  43  4:20  Adept x2  
  43  4:21  Probe x2  
  47  4:31  Phoenix (Chrono Boost)  
  47  4:33  Probe x2  
  51  4:38  Pylon  
  51  4:45  Probe x2  
  53  4:49  Observer (Chrono Boost)  
  53  4:52  Assimilator  
  54  4:56  Assimilator  
  54  4:57  Probe x2  
  54  4:58  Forge  
  56  5:03  Immortal (Chrono Boost)  
  60  5:09  Probe x2  
  62  5:16  Pylon  
  62  5:21  Probe x2  
  60  5:39  Protoss Ground Weapons Level 1 (Chrono Boost), Immortal (Chrono Boost)  
  60  5:40  Probe x2  
  63  5:50  Nexus  
  63  5:52  Pylon  
  63  5:53  Probe x2  
  65  6:05  Probe x2  
  71  6:11  Immortal  
  71  6:17  Probe x2  
  73  6:19  Twilight Council  
  73  6:29  Probe x2  
  73  6:31  Gateway  
  75  6:33  Gateway  
  75  6:36  Zealot, Stalker  
  79  6:43  Probe x2  
  81  6:47  Pylon  
  81  6:48  Assimilator  
  81  6:51  Observer  
  81  6:52  Assimilator  
  80  6:55  Probe x2  
  80  6:57  Charge  
  80  7:00  Templar Archives  
  82  7:07  Gateway x2  
  82  7:10  Probe x2  
  82  7:12  Protoss Ground Weapons Level 2 (Chrono Boost)  
  82  7:13  Probe  
  85  7:26  Gateway  
  85  7:28  Gateway  
  85  7:29  Pylon  
  85  7:30  Warp Prism (Chrono Boost)  
  87  7:38  Pylon  
  87  7:39  High Templar  
  87  7:40  High Templar x2  
  87  7:41  High Templar  
  95  7:44  Archon  
  95  7:46  Archon  
  95  7:52  Gateway  
  95  7:56  Gateway  
  95  7:58  Pylon  
  95  8:02  High Templar  
  95  8:03  High Templar  
  95  8:05  Photon Cannon  
  99  8:09  Archon  
  99  8:10  Nexus  
  99  8:14  Pylon  
  99  8:19  Zealot, High Templar x2  
  105  8:20  Zealot  
  105  8:23  Archon  
  107  8:32  High Templar x2  
  111  8:34  Zealot  
  111  8:36  Photon Cannon  
  111  8:37  Archon  
  111  8:38  Zealot  
  111  8:40  Zealot x2  
  119  8:48  Pylon  
  119  8:53  High Templar x2  
  123  8:56  Zealot  
  123  8:57  Archon  
  123  8:58  Zealot  
  127  9:02  Zealot  
  127  9:03  Zealot x2  
  127  9:04  Zealot  
  134  9:14  Zealot x2  
  136  9:17  Zealot  
  136  9:22  Zealot  
  132  9:25  Zealot x3  
  132  9:30  Observer (Chrono Boost)  
  134  9:32  Zealot  
  127  9:45  Photon Cannon  
  126  9:47  Photon Cannon  
  126  9:49  Photon Cannon  
  113  9:59  Zealot x3  
  99  10:01  High Templar  
  89  10:30  Pylon  
  89  10:34  Pylon  
  85  10:59  Zealot  
  85  11:03  Zealot  

Tags
 
Add a new tag
Caveats
  • Supply blocks, unpowered buildings, or Contaminate may cause inaccurate times.
  • Supply counts are checked every 10 seconds.